 Dungeon Crawl Stone Soup version 0.21.0-24-g2553a3340b (webtiles) character file.

1506016 IcyS the Slingshot (level 27, 120/207 HPs)
             Began as an Octopode Enchanter on Jan 18, 2018.
             Was the Champion of Dithmenos.
             Escaped with the Orb
             ... and 3 runes on Jan 20, 2018!
             The game lasted 07:28:09 (93644 turns).

IcyS the Slingshot (Octopode Enchanter)            Turns: 93644, Time: 07:28:10

Health: 120/207    AC:  8    Str: 16      XL:     27
Magic:  26/32      EV: 40    Int: 19      God:    Dithmenos [******]
Gold:   6131       SH: 21    Dex: 26 (27) Spells: 19/36 levels left

rFire    + + +     SeeInvis +   v - +9 fustibalus (velocity)
rCold    + + +     Gourm    .   P - +5 shield
rNeg     + . .     Faith    .   X - +2 hat
rPois    +         Spirit   .   t - amulet of Kech {rPois rC++ MR++ Regen+}
rElec    +         Reflect  .   r - ring of positive energy
rCorr    +         Harm     .   B - ring "Basith" {rElec rF++ AC-3 Str+2 Int-2}
MR       +++++     Clarity  +   i - +5 ring of dexterity
Stlth    +++++.....             s - ring of see invisible
HPRegen  0.84/turn              Z - ring of protection from magic
MPRegen  0.23/turn              a - +6 ring of protection
                                F - ring "Qoyt" {rCorr Int+3}
                                A - ring of protection from fire

@: mighty, agile, resistant, flying, hasted, wreathed by umbra, very quick
A: almost no armour, stealthy swim, amphibious, 8 rings, constrict 8, yellow
scales 1, camouflage 1, blurry vision 3, clarity, clumsy 2, cold resistance 1,
deterioration 1, weak 1, gelatinous body 1, evolution 1, no potion heal 1,
MP-powered wands
0: Orb of Zot
}: 3/15 runes: barnacled, silver, gossamer
a: Shadow Step, Shadow Form, Renounce Religion


You escaped.
You worshipped Dithmenos.
Dithmenos was exalted by your worship.
You were hungry.

You visited 9 branches of the dungeon, and saw 49 of its levels.
You also visited: Labyrinth and Ice Cave.

You collected 7892 gold pieces.
You spent 1761 gold pieces at shops.

Inventory:

Hand Weapons
 v - a +9 fustibalus of velocity (weapon)
Missiles
 d - 498 stones
 x - 147 sling bullets (quivered)
Armour
 P - a +5 shield (worn)
 X - a +2 hat (worn)
Jewellery
 a - a +6 ring of protection (on tentacle)
 i - a +5 ring of dexterity (on tentacle)
 o - the amulet "Lolu" {Reflect rPois Str+2 Int+4 SH+2 Stlth+}
   (You took it off a deep elf mage on level 3 of the Elven Halls)

   [amulet of reflection]

   It shields you and reflects attacks.
   It affects your strength (+2).
   It affects your intelligence (+4).
   It protects you from poison.
   It affects your SH (+2).
   It makes you more stealthy.
 r - a ring of positive energy (left tentacle)
 s - a ring of see invisible (on tentacle)
 t - the amulet of Kech (around mantle) {rPois rC++ MR++ Regen+}
   (You found it on level 5 of the Vaults)

   [amulet of regeneration]

   It greatly protects you from cold.
   It protects you from poison.
   It affects your resistance to hostile enchantments.
   It increases your rate of regeneration.
 y - an uncursed ring of stealth
 A - a ring of protection from fire (on tentacle)
 B - the ring "Basith" (right tentacle) {rElec rF++ AC-3 Str+2 Int-2}
   (You took it off a merfolk javelineer on level 4 of the Shoals)

   [ring of protection]

   It affects your AC (-3).
   It affects your strength (+2).
   It affects your intelligence (-2).
   It greatly protects you from fire.
   It insulates you from electricity.
 F - the ring "Qoyt" (on tentacle) {rCorr Int+3}
   (You found it on level 5 of the Vaults)

   [ring of resist corrosion]

   It affects your intelligence (+3).
 I - an uncursed ring of protection from cold
 K - an uncursed ring of protection from fire
 Z - a ring of protection from magic (on tentacle)
Wands
 h - a wand of enslavement (23)
 p - a wand of polymorph (21)
 q - a wand of acid (50)
 Q - a wand of disintegration (30)
 S - a wand of paralysis (75)
 U - a wand of digging (53)
 Y - a wand of iceblast (28)
Scrolls
 b - 4 scrolls of enchant armour
 e - 10 scrolls of teleportation
 g - 13 scrolls of magic mapping
 m - 18 scrolls of remove curse
 u - 2 scrolls of brand weapon
 w - 5 scrolls of fear
 z - 5 scrolls of amnesia
 H - 3 scrolls of fog
 M - 5 scrolls of blinking
 T - a scroll of enchant weapon
 W - 16 scrolls of identify
Potions
 f - 4 potions of haste
 j - 3 potions of agility
 l - 4 potions of might
 n - 16 potions of curing
 C - a potion of berserk rage
 D - 4 potions of cancellation
 E - a potion of ambrosia
 G - 10 potions of brilliance
 J - 4 potions of heal wounds
 O - 2 potions of magic
 R - 13 potions of flight
 V - 5 potions of resistance
Miscellaneous
 k - 2 phantom mirrors
Comestibles
 c - 73 rations


   Skills:
 + Level 22.2 Fighting
   Level 2.1(3.4) Short Blades
   Level 4.2(4.5) Long Blades
 * Level 23.2 Slings
 + Level 22.2 Dodging
 - Level 10.5 Stealth
 * Level 19.1 Shields
 - Level 5.0 Spellcasting
 - Level 19.1 Hexes
 - Level 3.0 Charms
 - Level 4.0 Ice Magic
 - Level 12.6 Invocations
 - Level 5.1 Evocations


You had 19 spell levels left.
You knew the following spells:

 Your Spells              Type           Power        Failure   Level  Hunger
a - Portal Projectile     Hex/Tloc       #####.       1%          3    ##.....
b - Ensorcelled Hibernat  Hex/Ice        #####.       1%          2    #......
c - Confuse               Hex            ######..     0%          3    ##.....
d - Ozocubu's Armour      Chrm/Ice       ###.....     9%          3    ##.....
e - Invisibility          Hex            ######..     1%          6    #######


Dungeon Overview and Level Annotations

Branches:
Dungeon (15/15)            Temple (0/1) D:5            Lair (6/6) D:10
 Shoals (4/4) Lair:4       Spider (4/4) Lair:3          Orc (2/2) D:9
    Elf (3/3) Orc:2        Vaults (5/5) D:14          Crypt (0/3) Vaults:2
 Depths (5/5) D:15            Zot (5/5) Depths:5
  Slime: Lair:5-6

Altars:
Dithmenos
Elyvilon
Gozag
Hepliaklqana
Kikubaaqudgha
Makhleb
Nemelex Xobeh
Ru
Uskayaw
Vehumet
Wu Jian
Yredelemnul
The Shining One
Beogh
Jiyva
Lugonu

Shops:
D:6 **=(   D:10 (%   D:13 [[   D:14 [   Orc:2 [(}   Shoals:2 !   Vaults:1 :}[
Depths:4 *   Depths:5 [

Portals:
Hell: Depths:1 Depths:2 Depths:3 Depths:4 Depths:5
Abyss: Depths:4
Pandemonium: Depths:3
Ziggurat: Depths:5

Annotations:
D:2 exclusion: 2 downstairs
D:3 exclusion: downstairs
D:8 exclusion: downstairs
Lair:6 3 runed doors, exclusion: door
Shoals:3 Mara
Spider:2 Aizul
Spider:4 Agnes
Elf:1 Asterion
Elf:2 exclusion: downstairs


Innate Abilities, Weirdness & Mutations

You cannot wear most types of armour.
You are very stealthy in the water. (Stealth+)
You are amphibious.
You can wear up to eight rings at the same time.
You can use your tentacles to constrict eight enemies at once.
Your skin changes colour to match your surroundings (Stealth+).
Your rubbery body absorbs attacks. (AC +1, EV +1)
You are partially covered in yellow scales. (AC +2)
Scrolls take you much longer to read.
You possess an exceptional clarity of mind.
You are very clumsy. (Dex -4)
Your flesh is cold resistant. (rC+)
Your body sometimes deteriorates upon taking damage.
You are weak. (Str -2)
You evolve.
Potions are less effective at restoring your health.
You expend magic power (3 MP) to strengthen your wands.


Message History

Your ufetubus closely misses the sixfirhy.
A Tzitzimitl comes into view.
Doptis gestures at you.
The bolt of dispelling energy misses you.
You block Doptis's attack.
The chaos spawn closely misses your ufetubus.
Your ufetubus completely misses the sixfirhy.
Your ufetubus misses the sixfirhy.
You are no longer teleporting projectiles to their destination.
Doptis gestures.
Doptis gestures at you.
The bolt of dispelling energy misses you.
Doptis blinks!
Doptis completely misses you. Doptis hits you!!
There is a staircase leading out of the dungeon, spattered with blood here.
You block Doptis's attack. The neqoxec gestures at you.
Something tries to feed on your intellect!
You have escaped!

#############
####>≈≈≈≈≈≈≈≈≈>###
#..##..≈≈≈≈≈..##.#
...(###.≈≈≈.###.@#
#.....###≈###3.&.#
###..3..#'#.....##
##.x.§.3.....##
###.......###
###...### #####
##'## ....#####.#
###.......#


You could see Doptis, a sixfirhy and a neqoxec.

Vanquished Creatures
  6 orbs of fire
  5 ancient liches
  Mennas (Vaults:4)
  Boris (Depths:5)
  Saint Roka (Vaults:4)
  4 Killer Klowns
  2 curse toes
  5 caustic shrikes (Depths:5)
  Nikola (Elf:2)
  4 golden dragons
  An electric golem (Zot:5)
  3 liches
  Arachne (Spider:4)
  A Tzitzimitl (Depths:4)
  11 tentacled monstrosities
  25 Orb Guardians (Zot:5)
  4 quicksilver dragons
  4 deep elf blademasters
  4 titans (Vaults:5)
  3 deep elf master archers (Elf:3)
  9 sphinxes
  4 death cobs
  Gastronok (Lair:2)
  Polyphemus (Shoals:2)
  12 tengu reavers
  10 shadow dragons
  Kirke (D:13)
  14 storm dragons
  12 draconian monks
  Donald (Elf:1)
  Roxanne (Spider:2)
  14 deep elf sorcerers
  Ilsuiw (Shoals:4)
  6 fire giants
  7 frost giants
  An orc warlord (Orc:2)
  7 draconian scorchers
  21 vault wardens
  3 draconian knights
  An iron dragon (Depths:4)
  Louise (Elf:1)
  9 ghost moths
  7 deep elf elementalists
  7 emperor scorpions
  7 draconian shifters
  5 draconian stormcallers
  9 entropy weavers
  3 draconian annihilators
  5 war gargoyles
  15 ironheart preservers
  26 very ugly things
  17 stone giants
  5 green draconians
  56 slime creatures
  7 black draconians
  4 vampire knights
  9 white draconians
  A lorocyproca (Zot:4)
  12 deep elf demonologists
  8 red draconians
  8 deep elf annihilators
  9 purple draconians
  10 yellow draconians
  12 spark wasps
  12 ettins
  An eidolon (Vaults:2)
  A large abomination (Vaults:3)
  3 merfolk javelineers (Shoals:4)
  A minotaur (Lab)
  The ghost of TheWayOfAllFlesh the Grappler, a journeyman TrWr (D:9)
  17 merfolk impalers
  10 deep elf death magi
  5 deep elf high priests
  Josephine (D:11)
  18 fire dragons
  7 great orbs of eyes
  19 yaktaur captains
  30 vault guards
  6 rakshasas
  Erolcha (Orc:1)
  A hell beast (Depths:4)
  9 hydras
  8 ice dragons
  7 centaur warriors
  9 merfolk avatars
  35 two-headed ogres
  A two-headed ogre (shapeshifter) (Elf:1)
  34 dancing weapons
  3 death knights
  A catoblepas (Shoals:3)
  14 ogre magi
  3 tengu warriors
  Erica (D:9)
  6 merfolk aquamancers
  4 deep troll earth magi
  9 deep troll shamans
  3 death yaks
  A queen ant (D:13)
  Urug (Orc:1)
  2 orc high priests
  21 deep elf knights
  2 spriggan berserkers
  A sun demon (Depths:5)
  A soul eater (D:12)
  2 skeletal warriors (D:15)
  2 fire crabs
  2 iron trolls
  4 shadow wraiths
  10 hell knights
  2 death drakes (shapeshifter)
  A flayed ghost (Depths:3)
  2 small abominations
  33 deep trolls
  14 sea snakes
  10 glowing orange brains
  A deep troll (shapeshifter) (Vaults:3)
  4 unseen horrors
  15 deep elf archers
  5 necromancers
  4 wizards
  A lindwurm (shapeshifter) (Vaults:3)
  28 harpies
  11 orc knights
  17 orb spiders
  Pikel (D:4)
  15 ironbrand convokers
  3 shadow demons (Depths:4)
  An orange crystal statue (Depths:1)
  A sphinx zombie (Vaults:5)
  3 phantasmal warriors
  3 oklob plants (Lair:5)
  72 deep elf magi
  26 wolf spiders
  4 orc sorcerers
  45 ugly things
  A faun (shapeshifter) (D:13)
  18 manticores
  A frost giant zombie (D:15)
  10 fauns
  A tengu skeleton (Vaults:5)
  8 cyclopes
  A fire giant skeleton (D:15)
  A frost giant skeleton (Vaults:5)
  5 water nymphs
  3 elephants (Lair:5)
  19 moths of wrath
  10 merfolk sirens
  12 vault sentinels
  2 black mambas
  5 centaur zombies
  Psyche (D:8)
  3 molten gargoyles (Lair:6)
  An ice statue (IceCv)
  A gargoyle (D:11)
  An orange demon (D:9)
  A torpor snail (Lair:6)
  10 spiny frogs
  An eye of devastation (shapeshifter) (Depths:4)
  A hellion (Zot:2)
  5 kobold demonologists
  7 freezing wraiths
  14 demonic crawlers
  71 yaktaurs
  A yaktaur (shapeshifter) (Vaults:5)
  A red devil (Depths:4)
  11 komodo dragons
  2 efreet (Zot:2)
  A meliai (shapeshifter) (Depths:1)
  23 jumping spiders
  3 meliai (Spider:4)
  A tengu simulacrum (Vaults:3)
  A jumping spider (shapeshifter) (Vaults:2)
  50 merfolk
  A queen bee (shapeshifter) (Depths:5)
  8 trolls
  A hornet (shapeshifter) (Vaults:4)
  13 polar bears
  6 hornets
  6 wind drakes
  An ettin zombie (Vaults:5)
  A raiju (shapeshifter) (D:15)
  9 hippogriffs
  An ice dragon zombie (D:15)
  8 blink frogs
  A hippogriff (shapeshifter) (D:15)
  12 dream sheep
  9 snapping turtles
  2 air elementals
  A flying skull (Vaults:2)
  A tarantella (shapeshifter) (Vaults:3)
  A spriggan (shapeshifter) (Depths:5)
  49 yaks
  36 tarantellas
  95 redbacks
  4 basilisks
  19 water elementals
  6 wraiths
  12 shadows
  A golden eye (shapeshifter) (D:13)
  5 wyverns
  2 hungry ghosts
  2 fire bats (Shoals:2)
  A yaktaur simulacrum (Vaults:2)
  7 fire elementals
  A human (shapeshifter) (Vaults:2)
  2 steam dragons (Lair:6)
  A basilisk (shapeshifter) (Vaults:3)
  2 vampire mosquitoes (D:13)
  2 deep troll zombies
  7 swamp worms (Spider:3)
  A neqoxec (D:10)
  7 wargs
  20 soldier ants
  Menkaure (D:4)
  8 hell hounds
  10 water moccasins
  A porcupine (shapeshifter) (Vaults:1)
  A floating eye (Depths:5)
  52 orc warriors
  5 porcupines
  A sky beast (shapeshifter) (Vaults:3)
  10 ice beasts
  2 slaves (D:4)
  4 sky beasts
  2 black bears (D:11)
  An elf simulacrum (Depths:4)
  A black bear (shapeshifter) (Vaults:1)
  5 phantoms
  A necrophage (D:11)
  7 wolves (IceCv)
  32 ogres
  9 boggarts
  12 centaurs
  A crocodile (shapeshifter) (Depths:5)
  2 crocodiles
  4 big kobolds
  21 bullfrogs
  A bullfrog (shapeshifter) (Vaults:4)
  3 earth elementals
  4 scorpions
  12 killer bees
  2 water moccasin skeletons
  11 wights
  3 howler monkeys (D:10)
  2 electric eels
  3 crimson imps
  5 lava snakes (Lair:6)
  A bullfrog zombie (D:9)
  2 jellies
  A quasit (D:7)
  A jelly (shapeshifter) (Depths:2)
  3 bullfrog skeletons
  5 hounds
  34 orc wizards
  3 centaur skeletons
  34 orc priests
  2 iguanas
  36 worker ants
  Natasha (thrice) (D:5)
  2 hound skeletons
  2 worker ant zombies (D:9)
  11 adders
  4 gnolls (D:5)
  3 shadow imps
  A white imp (D:13)
  An ufetubus (Depths:5)
  An adder zombie (D:8)
  2 adder skeletons
  14 worms
  4 dart slugs
  3 leopard geckos
  143 orcs
  A giant cockroach (D:2)
  3 goblins (D:1)
  6 hobgoblins
  3 jackals (D:2)
  3 quokkas
  2 ball pythons
  5 bats
  8 frilled lizards
  A goblin skeleton (D:7)
  A goblin zombie (D:7)
  2 hobgoblin zombies (D:7)
  26 kobolds
  2 kobold skeletons (D:7)
  A kobold zombie (D:7)
  A leopard gecko skeleton (D:5)
  An orc skeleton (D:7)
  A quokka skeleton (D:6)
  A rat (D:3)
  5 crawling corpses
  3 plants
2421 creatures vanquished.

Vanquished Creatures (collateral kills)
  A redback (Spider:3)
1 creature vanquished.

Vanquished Creatures (others)
  A golden dragon (Depths:2)
  A deep elf master archer (Elf:3)
  An eldritch tentacle (Zot:5)
  2 merfolk javelineers (Shoals:4)
  3 yaktaur captains
  A centaur warrior (Vaults:1)
  2 deep elf knights
  2 cyclopes
  A moth of wrath (Zot:5)
  A manticore (Shoals:4)
  A hellion (Zot:2)
  14 yaktaurs
  A red devil (D:1)
  2 merfolk
  A redback (shapeshifter) (Vaults:2)
  3 humans (D:13)
  An ice beast (D:13)
  An orc warrior (Vaults:4)
  An ogre (Vaults:2)
  3 centaurs
  A boggart (Depths:4)
  A wyvern zombie (D:13)
  27 plants
72 creatures vanquished.

Grand Total: 2494 creatures vanquished

Notes
Turn   | Place    | Note
-------+----------+-------------------------------------------
     0 | D:1      | IcyS the Octopode Enchanter began the quest for the Orb.
     0 | D:1      | Reached XP level 1. HP: 11/11 MP: 3/3
   271 | D:1      | Reached XP level 2. HP: 9/17 MP: 5/5
   643 | D:1      | Learned a level 2 spell: Ensorcelled Hibernation
  1012 | D:2      | Found a white marble altar of Elyvilon.
  1113 | D:2      | Found a sacrificial altar of Ru.
  1116 | D:2      | Reached XP level 3. HP: 22/22 MP: 6/6
  1121 | D:2      | Reached skill level 1 in Fighting
  1157 | D:2      | Reached XP level 4. HP: 28/28 MP: 7/7
  1162 | D:2      | Found a shadowy altar of Dithmenos.
  1184 | D:2      | Became a worshipper of Dithmenos the Shadowed
  2017 | D:3      | Reached skill level 5 in Stealth
  2017 | D:3      | Reached XP level 5. HP: 33/33 MP: 8/8
  2533 | D:3      | Reached * piety under Dithmenos
  2852 | D:3      | Reached XP level 6. HP: 29/39 MP: 0/9
  3315 | D:4      | Found a radiant altar of Vehumet.
  3554 | D:4      | Found a sparkling altar of Nemelex Xobeh.
  3572 | D:4      | Reached skill level 5 in Hexes
  3652 | D:4      | Noticed a slave
  3652 | D:4      | Noticed a slave
  3690 | D:4      | Found a hide-covered altar of Uskayaw.
  3695 | D:4      | Noticed Natasha
  3717 | D:5      | Entered Level 5 of the Dungeon
  3719 | D:5      | Killed Natasha
  3974 | D:4      | Reached XP level 7. HP: 45/45 MP: 8/11
  4098 | D:4      | Noticed Menkaure
  4113 | D:5      | Learned a level 3 spell: Confuse
  4129 | D:4      | Killed Menkaure
  4601 | D:5      | Found a staircase to the Ecumenical Temple.
  4604 | D:5      | Noticed Natasha
  4608 | D:5      | Killed Natasha
  4613 | D:5      | Noticed Natasha
  4618 | D:5      | Killed Natasha
  4816 | D:5      | Found an opulent altar of Gozag.
  4946 | D:5      | Reached ** piety under Dithmenos
  5053 | D:5      | Reached XP level 8. HP: 52/52 MP: 12/12
  5475 | D:6      | Found Pyarazaw's Antique Weapon Emporium.
  5938 | D:6      | Found Ymuarch's Jewellery Boutique.
  5946 | D:6      | Bought an uncursed ring of see invisible for 165 gold pieces
  5960 | D:6      | Found an ancient bone altar of Kikubaaqudgha.
  5962 | D:6      | Found a hazy altar of Hepliaklqana.
  5963 | D:6      | Found an ornate altar of the Wu Jian Council.
  6114 | D:6      | Found Hutuock's Assorted Antiques.
  6119 | D:6      | Bought a lead wand for 96 gold pieces
  6121 | D:6      | Got a shimmering hunting sling
  6123 | D:6      | Identified the +8 hunting sling "Elavvusk" {venom, Str+3 Dex+5} (You found it on level 6 of the Dungeon)
  6870 | D:4      | Noticed Pikel
  6984 | D:4      | Killed Pikel
  6984 | D:4      | Reached skill level 2 in Slings
  6984 | D:4      | Reached skill level 5 in Dodging
  6984 | D:4      | Reached XP level 9. HP: 59/59 MP: 9/13
  7203 | D:6      | Reached skill level 3 in Slings
  7309 | D:6      | Found Ittos's Assorted Antiques.
  7550 | D:7      | Found a glowing golden altar of the Shining One.
  8315 | D:7      | Reached skill level 4 in Slings
  8421 | D:7      | Reached skill level 5 in Fighting
  8600 | D:7      | Reached *** piety under Dithmenos
  9100 | D:8      | Reached skill level 5 in Slings
  9445 | D:8      | Noticed Psyche
  9470 | D:8      | Killed Psyche
  9470 | D:8      | Reached XP level 10. HP: 63/68 MP: 3/15
  9657 | D:9      | Noticed TheWayOfAllFlesh's ghost (journeyman TrWr)
  9836 | D:9      | Found a burning altar of Makhleb.
 10033 | D:9      | Noticed Erica
 10047 | D:9      | Killed Erica
 10384 | D:9      | Reached skill level 6 in Slings
 10935 | D:9      | Reached **** piety under Dithmenos
 10954 | D:9      | Noticed a two-headed ogre
 11008 | D:9      | Killed a two-headed ogre
 11100 | D:9      | Found a staircase to the Orcish Mines.
 11420 | D:10     | Entered Level 10 of the Dungeon
 11553 | D:10     | Found a staircase to the Lair.
 11635 | D:10     | Reached XP level 11. HP: 75/75 MP: 17/17
 11717 | D:10     | Reached ***** piety under Dithmenos
 11722 | D:10     | Found Wuben's Weapon Boutique.
 11733 | D:10     | Found Kimapalo's Food Shoppe.
 11787 | D:10     | Reached skill level 10 in Hexes
 12004 | D:10     | Reached skill level 7 in Slings
 12119 | Lair:1   | Entered Level 1 of the Lair of Beasts
 12860 | Lair:1   | Noticed a six-headed hydra
 12881 | Lair:1   | Killed a six-headed hydra
 12881 | Lair:1   | Reached skill level 10 in Fighting
 13558 | Lair:2   | Learned a level 3 spell: Portal Projectile
 13589 | Lair:2   | Noticed Gastronok
 13653 | Lair:2   | Killed Gastronok
 13653 | Lair:2   | Reached XP level 12. HP: 83/89 MP: 18/18
 14879 | Lair:3   | Reached skill level 8 in Slings
 14974 | Lair:3   | Found a hole to the Spider Nest.
 15213 | Lair:3   | Learned a level 3 spell: Ozocubu's Armour
 16004 | Lair:4   | Reached skill level 10 in Stealth
 16386 | Lair:4   | Found a staircase to the Shoals.
 16902 | Lair:5   | Reached XP level 13. HP: 98/98 MP: 19/19
 17185 | Lair:5   | Reached skill level 1 in Shields
 17792 | Lair:6   | Entered Level 6 of the Lair of Beasts
 18089 | Lair:6   | Reached skill level 9 in Slings
 18343 | Lair:6   | Found a runed door.
 18344 | Lair:6   | Found a viscous altar of Jiyva.
 18344 | Lair:6   | Noticed an acid blob
 19052 | Lair:6   | Noticed a fire dragon
 19282 | D:6      | Bought an uncursed ring of protection from fire for 275 gold pieces
 19398 | D:9      | Killed TheWayOfAllFlesh's ghost
 20005 | Lair:6   | Found a large runed door.
 20005 | Lair:6   | Found a large runed door.
 20570 | Orc:1    | Entered Level 1 of the Orcish Mines
 20577 | Orc:1    | Noticed Urug
 20600 | Orc:1    | Killed Urug
 20677 | Orc:1    | Reached ****** piety under Dithmenos
 20835 | Orc:1    | Noticed Erolcha
 20848 | Orc:1    | Killed Erolcha
 20848 | Orc:1    | Reached skill level 5 in Shields
 21257 | Orc:2    | Entered Level 2 of the Orcish Mines
 21369 | Orc:2    | Found a frozen archway.
 21381 | IceCv    | Entered an ice cave
 21499 | IceCv    | Reached skill level 10 in Dodging
 21648 | IceCv    | Reached XP level 14. HP: 107/107 MP: 20/20
 21769 | IceCv    | Noticed a frost giant
 21836 | IceCv    | Killed a frost giant
 22106 | IceCv    | Reached skill level 10 in Slings
 22827 | Orc:2    | Found a roughly hewn altar of Beogh.
 23107 | Orc:2    | Found a staircase to the Elven Halls.
 23120 | Orc:2    | Found a roughly hewn altar of Beogh.
 23198 | Orc:2    | Found a roughly hewn altar of Beogh.
 23350 | Orc:2    | Found a roughly hewn altar of Beogh.
 23350 | Orc:2    | Found Umemob's Gadget Emporium.
 23786 | Orc:2    | Noticed an orc warlord
 23833 | Orc:2    | Killed an orc warlord
 24064 | Orc:2    | Found Naudgh's Antique Weapon Shop.
 24069 | Orc:2    | Found Siweyt's Antique Armour Boutique.
 24072 | Orc:2    | Found a roughly hewn altar of Beogh.
 24203 | Orc:2    | Found a roughly hewn altar of Beogh.
 24248 | Orc:2    | Found Arad's General Store.
 24567 | Spider:1 | Entered Level 1 of the Spider Nest
 24696 | Spider:1 | Noticed an entropy weaver
 24863 | Spider:1 | Killed an entropy weaver
 25064 | Spider:1 | Reached skill level 11 in Slings
 25594 | Spider:1 | Reached skill level 5 in Spellcasting
 25759 | Spider:1 | Reached XP level 15. HP: 113/113 MP: 22/22
 25891 | Spider:2 | Noticed Roxanne
 26897 | Spider:2 | Killed Roxanne
 26906 | Spider:2 | Identified Roxanne's Volume of Shape Shifting (You took it off Roxanne on level 2 of the Spider Nest)
 26914 | Spider:2 | Gained mutation: You are dopey. (Int -2) [potion of mutation]
 26914 | Spider:2 | Gained mutation: Your muscles are strong. (Str +2) [potion of mutation]
 26915 | Spider:2 | Lost mutation: Your muscles are strong. (Str +2) [potion of mutation]
 26915 | Spider:2 | Lost mutation: You are dopey. (Int -2) [potion of mutation]
 26915 | Spider:2 | Gained mutation: You are agile. (Dex +2) [potion of mutation]
 26915 | Spider:2 | Gained mutation: You have a pair of small antennae on your head. [potion of mutation]
 26916 | Spider:2 | Lost mutation: You have a pair of small antennae on your head. [potion of mutation]
 26916 | Spider:2 | Lost mutation: You are agile. (Dex +2) [potion of mutation]
 26916 | Spider:2 | Gained mutation: You have supernaturally acute eyesight. (SInv) [potion of mutation]
 26916 | Spider:2 | Gained mutation: You possess an exceptional clarity of mind. [potion of mutation]
 27632 | Spider:3 | Noticed Aizul
 28420 | Spider:3 | Noticed a ghost moth
 28496 | Spider:3 | Killed a ghost moth
 29174 | Spider:3 | Reached skill level 10 in Shields
 29218 | Spider:4 | Entered Level 4 of the Spider Nest
 29218 | Spider:4 | Noticed a ghost moth
 29223 | Spider:4 | Noticed an emperor scorpion
 29378 | Spider:4 | Noticed a ghost moth
 29402 | Spider:3 | Killed a ghost moth
 29536 | Spider:3 | Killed a ghost moth
 29536 | Spider:3 | Reached skill level 12 in Slings
 29734 | Spider:4 | Noticed an emperor scorpion
 29891 | Spider:4 | Reached XP level 16. HP: 119/119 MP: 23/23
 31004 | Spider:4 | Noticed Arachne
 31040 | Spider:4 | Killed Arachne
 31761 | Spider:4 | Noticed Agnes
 32454 | Spider:4 | Got a gossamer rune of Zot
 33141 | D:6      | Bought a +5 ring of dexterity for 453 gold pieces
 33274 | Elf:1    | Entered Level 1 of the Elven Halls
 33316 | Elf:1    | Noticed Asterion
 33674 | Elf:1    | Noticed Louise
 33701 | Elf:1    | Killed Louise
 33873 | Elf:1    | Reached XP level 17. HP: 125/125 MP: 24/24
 33878 | Elf:1    | Reached skill level 13 in Slings
 33951 | Elf:1    | Reached skill level 15 in Hexes
 34002 | Elf:1    | Noticed Donald
 34019 | Elf:1    | Killed Donald
 34504 | Elf:1    | Identified the Papyrus of Supportive Combat Magic
 35845 | Elf:2    | Found a huge runed gate.
 35847 | Elf:2    | Found a huge runed gate.
 35847 | Elf:2    | Found a huge runed gate.
 35849 | Elf:2    | Found a huge runed gate.
 35849 | Elf:2    | Found a huge runed gate.
 36301 | Elf:2    | Noticed Nikola
 36320 | Elf:2    | Killed Nikola
 36627 | Elf:2    | Noticed a deep elf blademaster
 36649 | Elf:2    | Killed a deep elf blademaster
 36804 | Elf:2    | Reached skill level 1 in Invocations
 36855 | Elf:2    | Reached XP level 18. HP: 132/132 MP: 25/25
 37240 | Elf:3    | Entered Level 3 of the Elven Halls
 37921 | Elf:3    | Reached skill level 5 in Invocations
 38946 | Elf:3    | Got a translucent tin amulet
 38947 | Elf:3    | Got an iridescent battleaxe {protect}
 39195 | Elf:3    | Identified the amulet "Lolu" {Reflect rPois Str+2 Int+4 SH+2 Stlth+} (You took it off a deep elf mage on level 3 of the Elven Halls)
 39200 | Elf:3    | Got a bound jade ring
 39212 | Elf:3    | Identified the ring "Vuesh" {Ice rPois Int+4} (You took it off a deep elf mage on level 3 of the Elven Halls)
 39414 | Elf:3    | Noticed a deep elf master archer
 39436 | Elf:3    | Killed a deep elf master archer
 39503 | Elf:3    | Noticed an Ice Fiend
 39862 | Elf:3    | Noticed a deep elf blademaster
 39898 | Elf:3    | Killed a deep elf blademaster
 40245 | Elf:3    | Noticed a Tzitzimitl
 40551 | Elf:3    | Noticed a Tzitzimitl
 40622 | Elf:3    | Noticed a Brimstone Fiend
 40666 | Elf:3    | Reached XP level 19. HP: 107/138 MP: 26/26
 40711 | Elf:3    | Reached skill level 14 in Slings
 41587 | Elf:3    | Reached skill level 15 in Fighting
 42216 | Elf:3    | Identified Vuemun's Incunabulum of Dark Magic
 42764 | Shoals:1 | Entered Level 1 of the Shoals
 43525 | Shoals:1 | Reached skill level 10 in Invocations
 44680 | Shoals:2 | Reached skill level 15 in Shields
 46056 | Shoals:2 | Reached skill level 15 in Dodging
 46540 | Shoals:2 | Found Ginwukuta's Distillery.
 46548 | Shoals:2 | Bought 2 potions of resistance for 360 gold pieces
 46548 | Shoals:2 | Bought a potion of haste for 180 gold pieces
 46660 | Shoals:3 | Noticed Polyphemus
 46703 | Shoals:3 | Reached XP level 20. HP: 140/145 MP: 6/28
 46745 | Shoals:2 | Killed Polyphemus
 47382 | Shoals:3 | Noticed Mara
 48220 | Shoals:4 | Entered Level 4 of the Shoals
 48695 | Shoals:4 | Reached skill level 1 in Evocations
 48868 | Shoals:4 | Noticed Ilsuiw
 49616 | Shoals:4 | Got a scintillating ivory ring
 49858 | Shoals:4 | Got a barnacled rune of Zot
 50486 | Shoals:4 | Killed Ilsuiw
 50567 | Shoals:4 | Got a polished morningstar
 50990 | D:11     | Noticed Josephine
 51010 | D:11     | Killed Josephine
 51010 | D:11     | Reached skill level 15 in Slings
 51387 | D:11     | Identified the cursed ring "Basith" {rElec rF++ AC-3 Str+2 Int-2} (You took it off a merfolk javelineer on level 4 of the Shoals)
 52265 | D:12     | Found a labyrinth entrance.
 52270 | Lab      | Entered a labyrinth
 52393 | Lab      | Identified the Guide on the Voyage and the Birds
 52393 | Lab      | Identified the Grimoire of Twisted Feathers
 52982 | D:12     | Found a portal to a secret trove of treasure.
 53367 | D:13     | Noticed Kirke
 53381 | D:13     | Killed Kirke
 53713 | D:13     | Found Umahomuice's Armour Boutique.
 53931 | D:12     | Reached XP level 21. HP: 117/153 MP: 12/30
 54421 | D:13     | Found Vuboidogu's Antique Armour Emporium.
 54545 | D:14     | Found a gate to the Vaults.
 54660 | Vaults:1 | Entered Level 1 of the Vaults
 56241 | Vaults:1 | Reached skill level 5 in Evocations
 56769 | Vaults:1 | Found Nasun's Gadget Emporium.
 56825 | Vaults:1 | Found Emygix's Book Shop.
 56956 | Vaults:1 | Found Yrasad's Antique Armour Boutique.
 59634 | Vaults:2 | Reached XP level 22. HP: 162/162 MP: 16/31
 59795 | Vaults:2 | Found a staircase to the Crypt.
 61265 | Vaults:3 | Reached skill level 16 in Slings
 63815 | Vaults:4 | Reached XP level 23. HP: 165/169 MP: 32/32
 64340 | Vaults:4 | Noticed Mennas
 64391 | Vaults:4 | Killed Mennas
 65046 | Vaults:4 | Noticed Saint Roka
 65085 | Vaults:4 | Killed Saint Roka
 65487 | Vaults:4 | Reached skill level 17 in Slings
 66031 | Vaults:4 | Found a hazy altar of Hepliaklqana.
 66863 | Vaults:5 | Entered Level 5 of the Vaults
 67547 | Vaults:5 | Noticed an ancient lich
 67569 | Vaults:5 | Killed an ancient lich
 68048 | Vaults:5 | Reached XP level 24. HP: 134/179 MP: 32/32
 68309 | Vaults:5 | Got a bound amethyst amulet
 68869 | Vaults:5 | Upgraded the game from 0.21.0-22-g11d5b5247c to 0.21.0-24-g2553a3340b
 68951 | Vaults:5 | Got a clouded golden amulet
 68994 | Vaults:5 | Identified the amulet of Kech {rPois rC++ MR++ Regen+} (You found it on level 5 of the Vaults)
 68995 | Vaults:5 | Identified the amulet of Nobility {Gourm SInv} (You took it off a deep elf archer on level 5 of the Vaults)
 69002 | Vaults:5 | Identified a scroll of acquirement
 69641 | Vaults:5 | Noticed an ancient lich
 69682 | Vaults:5 | Killed an ancient lich
 69682 | Vaults:5 | Reached skill level 18 in Slings
 69877 | Vaults:5 | Learned a level 6 spell: Invisibility
 70148 | Vaults:5 | Got a glittering bronze ring
 70149 | Vaults:5 | Identified the ring "Qoyt" {rCorr Int+3} (You found it on level 5 of the Vaults)
 71334 | D:6      | Bought a scroll of enchant weapon for 232 gold pieces
 71938 | Vaults:5 | Got a bloodstained dagger {drain}
 71940 | Vaults:5 | Identified the cursed +2 dagger "Worm's Wrath" {drain, rPois} (You took it off a deep elf mage on level 5 of the Vaults)
 72185 | Vaults:5 | Got a faintly glowing wooden ring
 72393 | Vaults:5 | Reached XP level 25. HP: 180/187 MP: 32/32
 72486 | Vaults:5 | Got a silver rune of Zot
 73470 | D:14     | Found Vaduwath's Antique Armour Shoppe.
 73474 | D:14     | Found a basalt altar of Yredelemnul.
 73813 | D:15     | Entered Level 15 of the Dungeon
 74188 | D:15     | Found a staircase to the Depths.
 74539 | D:15     | Identified the ring of Fatigue {Wiz Int+3} (You took it off a tengu reaver on level 5 of the Vaults)
 74831 | Depths:1 | Entered Level 1 of the Depths
 75796 | Depths:1 | Found a gateway to Hell.
 76466 | Depths:2 | Reached skill level 1 in Charms
 76477 | Depths:2 | Reached skill level 1 in Ice Magic
 77637 | Depths:3 | Reached skill level 19 in Slings
 78138 | Depths:3 | Found a one-way gate leading to the halls of Pandemonium.
 78339 | Depths:4 | Found a corrupted altar of Lugonu.
 78393 | Depths:4 | Reached XP level 26. HP: 183/195 MP: 32/32
 79217 | Depths:4 | Found the +2 pair of boots of the Assassin {Detection Stab+ Stlth++}
 79218 | Depths:4 | Found the +5 robe of Night {Dark MR+ SInv}
 79218 | Depths:4 | Found a shadowy altar of Dithmenos.
 79419 | Depths:4 | Found Hurghuigh's General Store.
 80028 | Depths:4 | Found a one-way gate to the infinite horrors of the Abyss.
 80394 | Depths:5 | Entered Level 5 of the Depths
 81372 | Depths:5 | Found a gateway to a ziggurat.
 81432 | Depths:5 | Noticed Boris
 81455 | Depths:5 | Killed Boris
 81626 | Depths:5 | Reached skill level 1 in Long Blades
 81788 | Depths:5 | Found a gate to the Realm of Zot.
 82522 | Depths:5 | Found Naobbe's Armour Shoppe.
 82632 | Depths:5 | Reached skill level 20 in Slings
 83262 | Zot:1    | Entered Level 1 of the Realm of Zot
 83931 | Zot:1    | Reached XP level 27. HP: 194/200 MP: 30/32
 84708 | Zot:2    | Noticed an orb of fire
 84863 | Zot:2    | Gained mutation: You do not regenerate when monsters are visible. [an orb of fire]
 85084 | Zot:2    | Gained mutation: You are dopey. (Int -2) [an orb of fire]
 85104 | Zot:1    | Gained mutation: You are frail. (-10% HP) [an orb of fire]
 85111 | Zot:1    | Gained mutation: Your magical capacity is low. (-10% MP) [an orb of fire]
 85115 | Zot:1    | Killed an orb of fire
 86037 | Zot:1    | Lost mutation: You are frail. (-10% HP) [potion of mutation]
 86037 | Zot:1    | Gained mutation: One of your tentacles bears a spike. [potion of mutation]
 86037 | Zot:1    | Lost mutation: You are dopey. (Int -2) [potion of mutation]
 86037 | Zot:1    | Gained mutation: Your flesh is heat resistant. (rF+) [potion of mutation]
 86037 | Zot:1    | Gained mutation: One of your tentacles bears a nasty spike. [potion of mutation]
 86086 | Zot:2    | Lost mutation: You do not regenerate when monsters are visible. [a Zot trap]
 86912 | Zot:3    | Reached skill level 21 in Slings
 88985 | Zot:5    | Entered Level 5 of the Realm of Zot
 89418 | Zot:5    | Reached skill level 22 in Slings
 90019 | Zot:5    | Gained mutation: You are frail. (-10% HP) [mutagenic glow]
 90027 | Zot:5    | Noticed an orb of fire
 90059 | Zot:5    | Gained mutation: Potions are less effective at restoring your health. [mutagenic glow]
 90063 | Zot:5    | Lost mutation: Your flesh is heat resistant. (rF+) [potion of mutation]
 90063 | Zot:5    | Lost mutation: You are frail. (-10% HP) [potion of mutation]
 90063 | Zot:5    | Lost mutation: You have supernaturally acute eyesight. (SInv) [potion of mutation]
 90063 | Zot:5    | Gained mutation: Your flesh is heat resistant. (rF+) [potion of mutation]
 90063 | Zot:5    | Gained mutation: You are weak. (Str -2) [potion of mutation]
 90063 | Zot:5    | Gained mutation: You are surrounded by a mild repulsion field. (EV +2) [potion of mutation]
 90225 | Zot:5    | Lost mutation: You are weak. (Str -2) [potion of mutation]
 90225 | Zot:5    | Lost mutation: Your magical capacity is low. (-10% MP) [potion of mutation]
 90225 | Zot:5    | Lost mutation: You possess an exceptional clarity of mind. [potion of mutation]
 90225 | Zot:5    | Gained mutation: You are weak. (Str -2) [potion of mutation]
 90225 | Zot:5    | Lost mutation: You are surrounded by a mild repulsion field. (EV +2) [potion of mutation]
 90225 | Zot:5    | Gained mutation: One of your tentacles bears a large vicious spike. [potion of mutation]
 90225 | Zot:5    | Gained mutation: Your flesh is cold resistant. (rC+) [potion of mutation]
 90226 | Zot:5    | Lost mutation: Your flesh is heat resistant. (rF+) [potion of mutation]
 90226 | Zot:5    | Lost mutation: You are weak. (Str -2) [potion of mutation]
 90226 | Zot:5    | Lost mutation: One of your tentacles bears a large vicious spike. [potion of mutation]
 90226 | Zot:5    | Lost mutation: One of your tentacles bears a nasty spike. [potion of mutation]
 90226 | Zot:5    | Gained mutation: Your body sometimes deteriorates upon taking damage. [potion of mutation]
 90226 | Zot:5    | Gained mutation: Your flesh is very cold resistant. (rC++) [potion of mutation]
 90226 | Zot:5    | Gained mutation: Your natural rate of healing is unusually fast. [potion of mutation]
 90226 | Zot:5    | Gained mutation: You are surrounded by a mild repulsion field. (EV +2) [potion of mutation]
 90227 | Zot:5    | Lost mutation: One of your tentacles bears a spike. [potion of mutation]
 90227 | Zot:5    | Lost mutation: Your flesh is very cold resistant. (rC++) [potion of mutation]
 90227 | Zot:5    | Gained mutation: You are robust. (+10% HP) [potion of mutation]
 90386 | Zot:5    | Noticed an orb of fire
 90386 | Zot:5    | Lost mutation: Your body sometimes deteriorates upon taking damage. [an orb of fire]
 90387 | Zot:5    | Gained mutation: Your body sometimes deteriorates upon taking damage. [an orb of fire]
 90474 | Zot:5    | Gained mutation: Your body often deteriorates upon taking damage. [mutagenic glow]
 90523 | Zot:4    | Gained mutation: You expend magic power (3 MP) to strengthen your wands. [mutagenic glow]
 90572 | Zot:4    | Gained mutation: You tend to lose your temper in combat. [mutagenic glow]
 90601 | Zot:4    | Gained mutation: You are occasionally teleported next to monsters. [mutagenic glow]
 90982 | Vaults:1 | Lost mutation: You expend magic power (3 MP) to strengthen your wands. [potion of mutation]
 90982 | Vaults:1 | Lost mutation: You tend to lose your temper in combat. [potion of mutation]
 90982 | Vaults:1 | Gained mutation: You evolve. [potion of mutation]
 91398 | Zot:5    | Noticed an orb of fire
 91450 | Zot:5    | Noticed an ancient lich
 91470 | Zot:5    | Killed an ancient lich
 91596 | Zot:5    | Gained mutation: Scrolls take you a little longer to read. [an orb of fire]
 91598 | Zot:5    | Gained mutation: Your magical capacity is low. (-10% MP) [an orb of fire]
 91603 | Zot:5    | Gained mutation: Your muscles are strong. (Str +2) [evolution]
 91623 | Zot:5    | Killed an orb of fire
 91745 | Zot:5    | Gained mutation: You occasionally shout uncontrollably at your foes. [an orb of fire]
 91759 | Zot:5    | Lost mutation: You are robust. (+10% HP) [an orb of fire]
 91760 | Zot:5    | Lost mutation: Your muscles are strong. (Str +2) [an orb of fire]
 91761 | Zot:5    | Gained mutation: You expend magic power (3 MP) to strengthen your wands. [an orb of fire]
 91770 | Zot:5    | Killed an orb of fire
 91784 | Zot:5    | Gained mutation: Scrolls take you longer to read. [an orb of fire]
 91785 | Zot:5    | Gained mutation: Scrolls take you much longer to read. [an orb of fire]
 91791 | Zot:5    | Killed an orb of fire
 91894 | Zot:5    | Lost mutation: You are occasionally teleported next to monsters. [potion of mutation]
 91894 | Zot:5    | Lost mutation: You are surrounded by a mild repulsion field. (EV +2) [potion of mutation]
 91894 | Zot:5    | Lost mutation: Scrolls take you much longer to read. [potion of mutation]
 91894 | Zot:5    | Lost mutation: You occasionally shout uncontrollably at your foes. [potion of mutation]
 91894 | Zot:5    | Lost mutation: Scrolls take you longer to read. [potion of mutation]
 91894 | Zot:5    | Gained mutation: You possess an exceptional clarity of mind. [potion of mutation]
 91900 | Zot:5    | Noticed an ancient lich
 91909 | Zot:5    | Killed an ancient lich
 92457 | Zot:5    | Noticed an ancient lich
 92469 | Zot:5    | Killed an ancient lich
 92469 | Zot:5    | Reached skill level 23 in Slings
 92600 | Zot:5    | Noticed an orb of fire
 92603 | Zot:5    | Noticed an orb of fire
 92608 | Zot:5    | Gained mutation: Scrolls take you longer to read. [an orb of fire]
 92609 | Zot:5    | Gained mutation: Potions are poor at restoring your health. [an orb of fire]
 92617 | Zot:5    | Gained mutation: You are weak. (Str -2) [an orb of fire]
 92623 | Zot:5    | Lost mutation: Your natural rate of healing is unusually fast. [an orb of fire]
 92624 | Zot:5    | Killed an orb of fire
 92625 | Zot:5    | Gained mutation: You are clumsy. (Dex -2) [an orb of fire]
 92636 | Zot:5    | Gained mutation: You are very clumsy. (Dex -4) [an orb of fire]
 92644 | Zot:5    | Killed an orb of fire
 92966 | Zot:5    | Lost mutation: Potions are poor at restoring your health. [potion of mutation]
 92966 | Zot:5    | Lost mutation: Your body often deteriorates upon taking damage. [potion of mutation]
 92966 | Zot:5    | Lost mutation: Your magical capacity is low. (-10% MP) [potion of mutation]
 92966 | Zot:5    | Gained mutation: You are partially covered in yellow scales. (AC +2) [potion of mutation]
 92971 | Zot:5    | Got the Orb of Zot
 92994 | Zot:5    | Noticed Beamul the pandemonium lord
 93373 | D:11     | Noticed Compe the pandemonium lord
 93373 | D:11     | Gained mutation: Scrolls take you much longer to read. [a neqoxec]
 93594 | D:1      | Noticed Doptis the pandemonium lord
 93644 | D:$      | Escaped with the Orb!

Skill      XL: |  1  2  3  4  5  6  7  8  9 10 11 12 13 14 15 16 17 18 19 20 21 22 23 24 25 26 27 |
---------------+----------------------------------------------------------------------------------+-----
Fighting       | 1 2 3 4 5 7 10 12 13 14 15 16 17 18 19 20 22 | 22.2
Hexes          | 4 5 6 7 8 9 11 12 13 14 15 16 17 18 19 | 19.1
Stealth        | 5 6 7 8 9 10 | 10.5
Dodging        | 3 4 5 6 7 8 9 10 11 12 13 14 15 16 17 18 19 20 22 | 22.2
Spellcasting   | 3 4 5 |  5.0
Slings         | 2 5 6 7 8 9 11 12 13 14 15 16 17 18 19 20 23 | 23.2
Shields        | 5 7 10 12 13 14 15 16 17 19 | 19.1
Invocations    | 1 8 11 12 | 12.6
Short Blades   | 2 |  2.1
Evocations     | 4 5 |  5.1
Charms         | 3 |  3.0
Ice Magic      | 3 4 |  4.0
Long Blades    | 4 |  4.2

Action                   |  1- 3 |  4- 6 |  7- 9 | 10-12 | 13-15 | 16-18 | 19-21 | 22-24 | 25-27 || total
-------------------------+-------+-------+-------+-------+-------+-------+-------+-------+-------++-------
Melee: Dagger            |    40 |   115 |   130 |    86 |    53 |       |       |       |       ||   424
       Constrict         |     7 |    17 |    27 |     9 |     4 |       |       |       |       ||    64
       Tentacles         |     5 |    13 |    24 |    15 |    17 |       |       |       |       ||    74
 Fire: Hunting sling     |       |       |    98 |   517 |  1495 |  1567 |  3267 |  2457 |       ||  9401
       Fustibalus        |       |       |       |       |       |       |       |   155 |  3142 ||  3297
Throw: Tomahawk          |       |     2 |     8 |       |       |       |       |       |       ||    10
 Cast: Ensorcelled Hiber |     1 |    38 |    45 |    32 |     1 |     2 |       |       |       ||   119
       Confuse           |       |       |    15 |    74 |   178 |    82 |    57 |   145 |    94 ||   645
       Portal Projectile |       |       |       |     2 |    11 |    14 |    16 |     7 |    15 ||    65
       Invisibility      |       |       |       |       |       |       |       |       |    11 ||    11
Invok: Shadow Form       |       |       |       |       |       |       |     7 |     1 |       ||     8
Evoke: Wand              |       |       |       |       |       |     2 |     1 |       |     1 ||     4
  Use: Scroll            |       |       |    12 |    13 |     7 |     9 |     3 |    25 |    14 ||    83
       Potion            |       |       |       |     1 |     5 |     6 |       |    18 |    22 ||    52
 Stab: Sleeping          |    15 |    31 |    35 |    17 |       |       |       |       |       ||    98
       Confused          |       |       |     8 |     9 |       |       |       |       |       ||    17
  Eat: Chunk             |     1 |     8 |    12 |    26 |    30 |    27 |    42 |    32 |    48 ||   226
       Ration            |       |     1 |     2 |     1 |     6 |     3 |     4 |     2 |     7 ||    26
Armor: Skin              |     1 |     9 |     4 |     2 |    10 |     3 |    17 |    40 |    36 ||   122
Dodge: Dodged            |    12 |   106 |    84 |   162 |   341 |   184 |   683 |   429 |   742 ||  2743
Block: Buckler           |       |       |       |       |   108 |     1 |       |       |       ||   109
       Shield            |       |       |       |       |       |   177 |  1015 |   564 |   732 ||  2488
       Reflection        |       |       |       |       |       |     2 |   123 |    76 |       ||   201
